 Dungeon Crawl Stone Soup version 0.27-a0-1525-g1038ab4fd7 (webtiles) character file.

Game seed: 15640739063519556454

57 flotson the Sneak (level 3, -1/23 HPs)
             Began as a Vampire Delver on July 11, 2021.
             Slain by a hobgoblin (4 damage)
             ... on level 2 of the Dungeon.
             The game lasted 00:04:16 (1842 turns).

flotson the Sneak (Vampire Delver)                  Turns: 1842, Time: 00:04:17

Health: -1/23      AC:  4    Str: 12    XL:     3   Next: 73%
Magic:  3/3        EV: 12    Int: 12    God:
Gold:   51         SH:  0    Dex: 15    Spells: 2/2 levels left

rFire    . . .     SeeInvis +   m - +1 whip (venom)
rCold    + + .     Faith    .   (no shield)
rNeg     + + +     Spirit   .   b - +0 leather armour
rPois    ∞         Reflect  .   p - +0 helmet
rElec    .         Harm     .   (no cloak)
rCorr    .         Rampage  .   (no gloves)
Will     .....                  (no boots)
Stlth    +++++.....             (no amulet)
HPRegen  0.00/turn              r - ring of flight
MPRegen  0.08/turn              (no ring)

@: flying, bloodless
A: bloodless, fangs 3, see invisible, vampiric 2
a: Bat Form, Revivify


You were on level 2 of the Dungeon.
You visited 1 branch of the dungeon, and saw 5 of its levels.

You collected 51 gold pieces.

Inventory:

Hand Weapons
 a - a +0 hand axe
 m - a +1 whip of venom (weapon)
Missiles
 j - 11 poisoned darts (quivered)
 s - 5 javelins
Armour
 b - a +0 leather armour (worn)
 p - a +0 helmet (worn)
Jewellery
 r - a ring of flight (left hand)
Wands
 g - a wand of digging (3)
Scrolls
 c - a scroll of fog
 d - a scroll of magic mapping
 e - a scroll of fear
 i - 3 scrolls of teleportation {unknown}
 o - a scroll of identify {unknown}
 t - a scroll of noise {unknown}
 u - a scroll of enchant weapon {unknown}
 v - a scroll of silence {unknown}
Potions
 f - a potion of haste
 h - a potion of resistance {unknown}
 k - 2 potions of flight {unknown}
 l - a potion of curing {unknown}
 n - a potion of cancellation {unknown}
 q - a potion of lignification {unknown}


   Skills:
 + Level 3.0 Fighting
 + Level 2.2 Axes
 + Level 0.5 Throwing
 + Level 0.9 Armour
 + Level 2.7 Dodging
 - Level 7.2 Stealth
 + Level 1.1 Evocations


You had 2 spell levels left.
You didn't know any spells.
Your spell library was empty.

Dungeon Overview and Level Annotations

Branches:
Dungeon (5/15)
 Temple: D:4-7

Altars:


Innate Abilities, Weirdness & Mutations

You do not regenerate when monsters are visible.
You are frail without blood (-20% HP).
You can heal yourself when you bite living creatures.
You are immune to poison.
You have razor-sharp teeth.
You have supernaturally acute eyesight. (SInv)
You are afflicted with vampirism and can become a bat while bloodless.


Message History

The bat hits you but does no damage.
You miss the bat. The bat misses you. The bat hits you.
* * * LOW HITPOINT WARNING * * *
The quokka bites you.
* * * LOW HITPOINT WARNING * * *
The bat barely misses you. The bat hits you but does no damage.
The quokka barely misses you. The bat misses you. The bat misses you.
The bat hits you but does no damage. The bat closely misses you.
You hit the bat.
You kill the bat!
Throw: 12 darts (poison)
Press: ? - help, Q - select action, (/) - cycle Shift-Dir - straight line, f - quokka
Aim: a quokka (48% to hit)
You throw a poisoned dart.
The poisoned dart barely misses the quokka.
You closely miss the quokka. The quokka closely misses you.
You hit the quokka.
The quokka is poisoned.
You bite the quokka, but do no damage.
The quokka is moderately wounded.
The quokka bites you but does no damage.
You barely miss the quokka.
The quokka is almost dead.
The quokka closely misses you. The quokka bites you.
* * * LOW HITPOINT WARNING * * *
You hit the quokka.
You kill the quokka!
You hit the ball python.
You kill the ball python!
The hobgoblin barely misses you.
You closely miss the hobgoblin.
The hobgoblin hits you but does no damage.
You hit the hobgoblin but do no damage.
The hobgoblin is poisoned.
The hobgoblin closely misses you.
You hit the hobgoblin.
The hobgoblin is heavily wounded.
The hobgoblin hits you.
You die...

######### ........#### ###
..(.....g@.## ..
#.##.#.##..## ###.###.
.###.##.#.##...## ##...#...
..........##.#..##.....#.#
##.##.#.#.##.......#.#...#
.......g#......##.##.....#
.##.#.#.#.##.........#...###
......#...##.#.....#.#......
#..(r..#.##...............#


You could see a hobgoblin (very poisoned).

Vanquished Creatures
  An adder (D:2)
  A worm (D:2)
  5 endoplasms
  3 giant cockroaches (D:1)
  6 goblins
  2 hobgoblins (D:1)
  4 jackals (D:2)
  4 kobolds
  A quokka (D:2)
  4 ball pythons
  7 bats
  4 frilled lizards
  A rat (D:3)
43 creatures vanquished.

Notes
Turn   | Place    | Note
-------+----------+-------------------------------------------
     0 | D:5      | flotson the Vampire Delver began the quest for the Orb.
     0 | D:5      | Reached XP level 1. HP: 17/17 MP: 1/1
    89 | D:1      | Reached XP level 2. HP: 10/18 MP: 2/2
  1062 | D:1      | Gained mutation: You are afflicted with vampirism and can
                  | become a bat while bloodless. [Vampire growth]
  1062 | D:1      | Reached XP level 3. HP: 18/22 MP: 3/3
  1452 | D:2      | Reached skill level 1 in Evocations
  1687 | D:2      | Found a faded altar of an unknown god.
  1842 | D:2      | Slain by a hobgoblin

Illustrated notes

Levels and vault maps discovered:
D:1:      minmay_arrival_loop, layout_loops_ring, serial_aquarium,
          aquarium_bridge_long_joined [aquarium_subvault_bridge,
          aquarium_subvault_wall, aquarium_subvault_wall,
          aquarium_subvault_wall, aquarium_subvault_wall,
          aquarium_subvault_wall], aquarium_window_fake, aquarium_window_corner,
          aquarium_window_fake, aquarium_window_1, aquarium_view_4,
          aquarium_view_2e, aquarium_pool_corner, minmay_indecisive_spiral
D:2:      layout_rooms, shapermc_ecumenical_altar_venn, minmay_diced_spiral
D:3:      wander_river, layout_basic, nicolae_uskayaw_murder_on_the_dancefloor,
          zin_purify, grunt_ministairs_9
D:4:      layout_gridville, minmay_temple_entry_sparse_star, serial_shops,
          nicolae_diamond_shop, uniq_robin, uniq_edmund
D:5:      layout_gridville, uniq_grinder

Skill      XL: |  1  2  3 |
---------------+----------+-----
Axes           | 2 |  2.2
Evocations     | 1 |  1.1
Fighting       | 3 |  3.0
Throwing       | |  0.5
Armour         | |  0.9
Dodging        | |  2.7
Stealth        | |  7.2

Action                   || total
-------------------------++-------
Melee: Hand axe          ||    22
       Bite              ||     9
       Whip              ||    71
Throw: Dart              ||     3
 Abil: Exsanguinate      ||     1
 Stab: Sleeping          ||    14
Armor: Leather armour    ||    30
Dodge: Dodged            ||    64

Table legend: (Time is in decaauts)
 A = Elapsed time spent in this place.
 B = Non-inter-level travel time spent in this place.
 C = Inter-level travel time spent in this place.
 D = Time resting spent in this place.
 E = Time spent auto-exploring this place.
 F = Levels seen in this place.
 G = Mean time per level.
                   A        B        C        D        E       F      G
               +--------+--------+--------+--------+--------+-----+--------+
         Total |   1849 |   1781 |     68 |      0 |   1470 |   5 |  369.8 |
       Dungeon |   1849 |   1781 |     68 |      0 |   1470 |   5 |  369.8 |
               +--------+--------+--------+--------+--------+-----+--------+

Top non-repeatable levels by time:
     D:1: 1260 daAuts
     D:2: 540 daAuts
     D:3: 24 daAuts
     D:4: 18 daAuts
     D:5: 6 daAuts
